 Dungeon Crawl Stone Soup version 0.15.0-12-gccce430 (webtiles) character file.

823 Kashira the Vexing (level 7, 0/61 HPs)
             Began as a Naga Enchanter on Sept 1, 2014.
             Slain by Sedillia's ghost (7 damage)
             ... on Level 6 of the Dungeon.
             The game lasted 00:26:01 (4009 turns).

Kashira the Vexing (Naga Enchanter)                 Turns: 4009, Time: 00:26:02

HP   0/61        AC  5     Str 15      XL: 7   Next: 96%
MP   5/17        EV 17     Int 17      God:
Gold 143         SH  0     Dex 17      Spells:  5 memorised,  2 levels left

rFire  . . .     SeeInvis +     t - +4 mace
rCold  . . .     Clarity  .     b - +1 robe
rNeg   . . .     rCorr    .     (no shield)
rPois  +         rRot     .     (no helmet)
rElec  .         Spirit   .     o - +0 cloak (curse)
SustAb .         Warding  .     (no gloves)
rMut   .         Stasis   .     (no barding)
Gourm  .                        (no amulet)
MR     .....                    (no ring)
                                (no ring)

@: mighty, agile, very slow, not resistant to hostile enchantments, stealthy
A: spit poison, see invisible, deformed body, poison resistance, slowness 2, AC
+2
a: Spit Poison


You were on level 6 of the Dungeon.
You were near starving.

You visited 1 branch of the dungeon, and saw 6 of its levels.

You collected 143 gold pieces.

Inventory:

Hand weapons
 q - a +1 long sword
 t - a +4 mace (weapon)
 y - a +0 shortbow
Missiles
 i - 7 tomahawks of returning (quivered)
 A - 16 arrows
Armour
 b - a +1 robe (worn)
 o - a cursed +0 cloak (worn)
Magical devices
 h - a wand of fireball (2)
 x - a wand of frost (12)
Comestibles
 d - 2 bread rations
 m - 4 meat rations
 w - a royal jelly
Scrolls
 a - 2 scrolls of magic mapping {unknown}
 f - a scroll of fog {unknown}
 g - 5 scrolls of identify
 k - 2 scrolls of teleportation {unknown}
 l - a scroll of recharging {unknown}
 p - 6 scrolls of enchant weapon
 v - a scroll of remove curse {unknown}
Potions
 e - a potion of restore abilities
 n - 4 potions of agility
 r - 2 potions of curing {unknown}
 z - 2 potions of poison {unknown}
Books
 c - a book of Maledictions

   Spells                             Type                      Level
   *Corona                            Hexes                        1
   Sure Blade                         Hexes/Charms                 2
   Ensorcelled Hibernation            Hexes/Ice                    2
   *Confuse                           Hexes                        3
   *Dazzling Spray                    Conjuration/Hexes            3
   *Enslavement                       Hexes                        4
 s - a book of Clouds

   Spells                             Type                      Level
   Mephitic Cloud                     Conjuration/Poison/Air       3
   Conjure Flame                      Conjuration/Fire             3
   Poisonous Cloud                    Conjuration/Poison/Air       6
   Freezing Cloud                     Conjuration/Ice/Air          6
   Ring of Flames                     Charms/Fire                  7
 C - a book of Conjurations

   Spells                             Type                      Level
   *Magic Dart                        Conjuration                  1
   Searing Ray                        Conjuration                  2
   *Dazzling Spray                    Conjuration/Hexes            3
   Fulminant Prism                    Conjuration/Hexes            4
   Iskenderun's Mystic Blast          Conjuration                  4
   Iskenderun's Battlesphere          Conjuration/Charms           5


   Skills:
 + Level 2.4 Fighting
   Level 1.2(1.4) Short Blades
 + Level 1.1(1.3) Long Blades
 + Level 1.8 Maces & Flails
 + Level 0.8 Throwing
 + Level 4.0 Dodging
 - Level 4.6 Stealth
 + Level 4.0 Spellcasting
 + Level 5.4 Hexes


You had 2 spell levels left.
You knew the following spells:

 Your Spells              Type           Power        Failure   Level  Hunger
a - Corona                Hex            ###....      1%          1    None
b - Confuse               Hex            ###.....     8%          3    ###....
c - Dazzling Spray        Conj/Hex       ##......     17%         3    ###....
d - Enslavement           Hex            ###.....     21%         4    ####...
e - Magic Dart            Conj           #...         17%         1    None


Dungeon Overview and Level Annotations

Branches:
Dungeon (6/15)
 Temple: D:4-7

Altars:
Kikubaaqudgha

Annotations:
D:5 Dowan, Duvessa
D:6 Sedillia's ghost, experienced TrFi


Innate Abilities, Weirdness & Mutations

You cannot wear boots.
You can spit poison.
Your serpentine skin is tough (AC +2).
You have supernaturally acute eyesight.
Armour fits poorly on your strangely shaped body.
Your system is resistant to poisons.
You cover ground very slowly.


Message History

Sedillia's ghost resists with almost no effort.
The hound bites you. Sedillia's ghost closely misses you.
Drink which item? (? for menu, Esc to quit)
You feel very mighty all of a sudden. The hound closely misses you.
The hound barely misses you.
Sedillia's ghost wails.
Sedillia's ghost hits you!
* * * LOW HITPOINT WARNING * * *
Drink which item? (? for menu, Esc to quit)
You feel agile all of a sudden.
It was a potion of agility.
The hound barely misses you. Sedillia's ghost barely misses you.
Drink which item? (? for menu, Esc to quit)
Okay, then.
You hit Sedillia's ghost.
Sedillia's ghost is lightly damaged.
The hound closely misses you. The hound bites you.
* * * LOW HITPOINT WARNING * * *
Sedillia's ghost hits you!
You die...

.....#.###...............#
.....#..##..........#.#..#
...............#.......#. #
...#.##...#.##.#..........
#.....#..#..................
#....#....#....).......
#......$....).......##
#.....#.Wh#.####.....
......#%.).@..# .....##
#.#.###.#...#.#.###..# #.#.
#.....#........ #.
#...><..#.# #......%.......
.........###.###. .######..#
# #..# ....


You could see a hound and Sedillia's ghost.

Vanquished Creatures
  The ghost of benano the Chopper, an average DDFi (D:4)
  A centaur (D:5)
  A phantom (D:6)
  Sigmund (D:2)
  2 scorpions
  2 centaur skeletons (D:5)
  A hound (D:5)
  An orc wizard (D:4)
  6 gnolls
  7 adders
  3 worms
  An orc zombie (D:5)
  5 giant geckos
  6 orcs
  8 bats
  5 giant cockroaches
  10 hobgoblins
  3 jackals (D:1)
  A ball python (D:4)
  5 giant newts
  10 goblins
  5 kobolds
  2 quokkas
  9 rats
96 creatures vanquished.

Notes
Turn   | Place    | Note
--------------------------------------------------------------
     0 | D:1      | Kashira, the Naga Enchanter, began the quest for the Orb.
     0 | D:1      | Reached XP level 1. HP: 15/15 MP: 3/3
   428 | D:1      | Reached XP level 2. HP: 22/22 MP: 4/4
   803 | D:1      | Reached XP level 3. HP: 26/28 MP: 4/6
   808 | D:1      | Learned a level 3 spell: Confuse
   817 | D:1      | Found an ancient bone altar of Kikubaaqudgha.
  1067 | D:2      | Noticed Sigmund
  1096 | D:2      | Killed Sigmund
  1096 | D:2      | Reached skill level 1 in Fighting
  1096 | D:2      | Reached XP level 4. HP: 28/38 MP: 2/8
  1096 | D:2      | Reached XP level 5. HP: 32/44 MP: 2/9
  1908 | D:3      | Learned a level 3 spell: Dazzling Spray
  2002 | D:3      | Reached skill level 1 in Long Blades
  2030 | D:3      | Reached XP level 6. HP: 42/51 MP: 8/11
  2257 | D:4      | Noticed benano's ghost (average DDFi)
  2734 | D:4      | Killed benano's ghost
  2734 | D:4      | Reached skill level 1 in Maces & Flails
  2734 | D:4      | Reached XP level 7. HP: 25/60 MP: 4/14
  2928 | D:5      | Entered Level 5 of the Dungeon
  3033 | D:5      | Reached skill level 5 in Hexes
  3516 | D:5      | Learned a level 4 spell: Enslavement
  3518 | D:5      | Learned a level 1 spell: Magic Dart
  3596 | D:5      | Noticed Duvessa
  3596 | D:5      | Noticed Dowan
  3998 | D:6      | Noticed Sedillia's ghost (experienced TrFi)
  4009 | D:6      | Slain by Sedillia's ghost

Action                   |  1- 3 |  4- 6 |  7- 9 || total
-------------------------+-------+-------+-------++-------
Melee: Dagger            |    44 |       |       ||    44
       Long sword        |    21 |    19 |       ||    40
       Mace              |       |    45 |    67 ||   112
Throw: Tomahawk          |     9 |       |       ||     9
 Cast: Corona            |    16 |       |     1 ||    17
       Confuse           |     1 |    13 |    21 ||    35
       Dazzling Spray    |       |     2 |     2 ||     4
       Magic Dart        |       |       |     2 ||     2
 Abil: Spit Poison       |    36 |    39 |    25 ||   100
Evoke: Wand              |       |     2 |       ||     2
  Use: Scroll            |     2 |     1 |       ||     3
       Potion            |     1 |     2 |     2 ||     5
 Stab: Confused          |     2 |     2 |     4 ||     8
       Sleeping          |       |     2 |       ||     2
  Eat: Chunk             |     2 |    10 |     4 ||    16
       Pizza             |       |       |     1 ||     1
       Beef jerky        |       |       |     1 ||     1
